cohdb
Replays
Latest Replays
All Replays
Popular Replays
Top Player Replays
Match Explorer
How It Works
Community
CoH3 Stats
Reddit
Sign in to upload your games and track your stats! →
Sign in with Steam
Match 41411875
Unlisted
Match 41411875
Overview
Messages
Build Orders
End
Construct Infanterie Kompanie
Kettenkrad Recon Vehicle
MG 42 Machine Gun Team
Grenadier Squad
Construct Panzergrenadier Kompanie
Panzergrenadier Squad
Support Elements
Nebelwerfer 42 Rocket Launcher Team
Pak 40 Anti-tank Gun Team
251 Medium Carrier
Pioneer Squad
Panzergrenadier Squad
Panzergrenadier Officer Quarters
Pak 40 Anti-tank Gun Team
Kettenkrad Recon Vehicle
Construct Panzer Kompanie
Pioneer Squad
Side Skirts
Panzer Officer Quarters
Panzer IV Medium Tank
Karl Müller
古明地•恋
过路仙
rafikos
LittlePearKing
Vincent瘟神
Papa Rojo
Nobuta
0
0
Comments
sign in to comment!
No comments posted yet!